PL
THUNDER BAY NORTHERN LIONS BC @ ATLANTA SMOKE
10/04/2026
 
TOP OF THE 1ST
Thunder Bay Northern Lions BC batting - Pitching for Atlanta Smoke : LHP Manuel Rojas
Pitching: LHP Manuel Rojas
Batting: RHB Keith Fish 0-0: Called Strike
0-1: Ball
1-1: Called Strike
1-2: Ball
2-2: Fly out, F9 (Flyball, 9S)
Batting: LHB Chris Gregory 0-0: Ball
1-0: Called Strike
1-1: Ground out U3 (Groundball, 34)
Batting: LHB David Smith 0-0: Ball
1-0: Ball
2-0: Ground out 4-3 (Groundball, 34D)
Top of the 1st over - 0 run(s), 0 hit(s), 0 error(s), 0 left on base; Thunder Bay 0 - Atlanta 0
BOTTOM OF THE 1ST
Atlanta Smoke batting - Pitching for Thunder Bay Northern Lions BC : RHP Rafael Cardona
Pitching: RHP Rafael Cardona
Batting: LHB Bernardo Elías 0-0: Ground out 6-3 (Groundball, 6)
Batting: RHB Bartolo Morales 0-0: Called Strike
0-1: Ball
1-1: Called Strike
1-2: Ball
2-2: Ground out 6-3 (Groundball, 56)
Batting: LHB Ned Durand 0-0: Foul Ball, location: 2F
0-1: Swinging Strike
0-2: Ball
1-2: Strikes out swinging, 2-3 out at first.
Bottom of the 1st over - 0 run(s), 0 hit(s), 0 error(s), 0 left on base; Thunder Bay 0 - Atlanta 0
TOP OF THE 2ND
Thunder Bay Northern Lions BC batting - Pitching for Atlanta Smoke : LHP Manuel Rojas
Batting: RHB Wilfred McLaughlin 0-0: Called Strike
0-1: Fly out, F6 (Popup, 6)
Batting: RHB Carlos Padilla 0-0: Foul Ball, location: 2F
0-1: Ball
1-1: Foul Ball, location: 2F
1-2: Foul Ball, location: 2F
1-2: SINGLE (Groundball, 4MD)
Batting: SHB Carlos Rodríguez 0-0: Ball
1-0: SINGLE (Line Drive, 6)
Carlos Padilla to second
Batting: SHB Arnold Griffith 0-0: Called Strike
0-1: Grounds into double play, 5-4-3 (Groundball, 56)
Top of the 2nd over - 0 run(s), 2 hit(s), 0 error(s), 1 left on base; Thunder Bay 0 - Atlanta 0
BOTTOM OF THE 2ND
Atlanta Smoke batting - Pitching for Thunder Bay Northern Lions BC : RHP Rafael Cardona
Batting: RHB Gabriel Maldonado 0-0: Ball
1-0: Foul Ball, location: 2F
1-1: Fly out, F7 (Flyball, 7S)
Batting: RHB Gerardo Castillo 0-0: Ball
1-0: Foul Ball, location: 2F
1-1: Fly out, F7 (Flyball, 78M)
Batting: RHB Layton Templeman 0-0: Ball
1-0: Ball
2-0: Ground out 6-3 (Groundball, 6)
Bottom of the 2nd over - 0 run(s), 0 hit(s), 0 error(s), 0 left on base; Thunder Bay 0 - Atlanta 0
TOP OF THE 3RD
Thunder Bay Northern Lions BC batting - Pitching for Atlanta Smoke : LHP Manuel Rojas
Batting: LHB John Brewer 0-0: Ball
1-0: Ball
2-0: Foul Ball, location: 2F
2-1: Ground out U3 (Groundball, 3L)
Batting: RHB Barkley B. Cooltimes 0-0: Fly out, F8 (Flyball, 8RS)
Batting: RHB Keith Fish 0-0: Ball
1-0: Ball
2-0: Swinging Strike
2-1: Ground out 6-3 (Groundball, 6M)
Top of the 3rd over - 0 run(s), 0 hit(s), 0 error(s), 0 left on base; Thunder Bay 0 - Atlanta 0
BOTTOM OF THE 3RD
Atlanta Smoke batting - Pitching for Thunder Bay Northern Lions BC : RHP Rafael Cardona
Batting: LHB David Hubbard 0-0: Called Strike
0-1: Ball
1-1: Ball
2-1: SINGLE (Line Drive, 89S)
Batting: RHB Pedro Morales 0-0: Ball
1-0: Fly out, F8 (Flyball, 78M)
Batting: RHB Travis Newsome 0-0: Ball
1-0: Called Strike
1-1: Called Strike
1-2: Strikes out swinging
Batting: LHB Bernardo Elías 0-0: Ball
1-0: Ball
2-0: Fielders Choice at 2nd, 4-6 (Groundball, 4)
Bottom of the 3rd over - 0 run(s), 1 hit(s), 0 error(s), 0 left on base; Thunder Bay 0 - Atlanta 0
TOP OF THE 4TH
Thunder Bay Northern Lions BC batting - Pitching for Atlanta Smoke : LHP Manuel Rojas
Batting: LHB Chris Gregory 0-0: Ball
1-0: Foul Ball, location: 2F
1-1: Ball
2-1: Foul Ball, location: 2F
2-2: Foul Ball, location: 2F
2-2: SINGLE (Groundball, 56D)
Batting: LHB David Smith 0-0: SINGLE (Groundball, 3D)
Chris Gregory to second
Runner from 2nd tries for 3rd, SAFE, no throw
Batting: RHB Wilfred McLaughlin 0-0: Called Strike
0-1: Ball
1-1: Foul Ball, location: 2F
1-2: Fly out, F8 (Flyball, 8LM)
Runner from 3rd tags up, SCORES, no throw
Batting: RHB Carlos Padilla 0-0: Ball
1-0: Fly out, F6 (Line Drive, 6D)
Batting: SHB Carlos Rodríguez 0-0: Swinging Strike
0-1: Swinging Strike
0-2: Strikes out looking
Top of the 4th over - 1 run(s), 2 hit(s), 0 error(s), 1 left on base; Thunder Bay 1 - Atlanta 0
BOTTOM OF THE 4TH
Atlanta Smoke batting - Pitching for Thunder Bay Northern Lions BC : RHP Rafael Cardona
Batting: RHB Bartolo Morales 0-0: Called Strike
0-1: Foul Ball, location: 2F
0-2: Ground out 5-3 (Groundball, 5)
Batting: LHB Ned Durand 0-0: Called Strike
0-1: Ball
1-1: Ball
2-1: Fly out, F7 (Line Drive, 78M)
Batting: RHB Gabriel Maldonado 0-0: Ball
1-0: Ground out 6-3 (Groundball, 6)
Bottom of the 4th over - 0 run(s), 0 hit(s), 0 error(s), 0 left on base; Thunder Bay 1 - Atlanta 0
TOP OF THE 5TH
Thunder Bay Northern Lions BC batting - Pitching for Atlanta Smoke : LHP Manuel Rojas
Batting: SHB Arnold Griffith 0-0: Called Strike
0-1: Ground out 6-3 (Groundball, 6M)
Batting: LHB John Brewer 0-0: Called Strike
0-1: Foul Ball, location: 2F
0-2: Strikes out looking
Batting: RHB Barkley B. Cooltimes 0-0: Called Strike
0-1: Called Strike
0-2: Ball
1-2: Foul Ball, location: 2F
1-2: Foul Ball, location: 2F
1-2: Foul Ball, location: 2F
1-2: Ball
2-2: Foul Ball, location: 2F
2-2: Strikes out swinging
Top of the 5th over - 0 run(s), 0 hit(s), 0 error(s), 0 left on base; Thunder Bay 1 - Atlanta 0
BOTTOM OF THE 5TH
Atlanta Smoke batting - Pitching for Thunder Bay Northern Lions BC : RHP Rafael Cardona
Batting: RHB Gerardo Castillo 0-0: Foul Ball, location: 2F
0-1: Ball
1-1: Swinging Strike
1-2: Foul Ball, location: 2F
1-2: Foul Ball, location: 2F
1-2: Fly out, F4 (Line Drive, 4)
Batting: RHB Layton Templeman 0-0: Called Strike
0-1: Ground out 4-3 (Groundball, 34D)
Batting: LHB David Hubbard 0-0: Foul Ball, location: 2F
0-1: Ball
1-1: SINGLE (Line Drive, 89S)
Batting: RHB Pedro Morales 0-0: Foul Ball, location: 2F
0-1: Ball
1-1: Called Strike
1-2: Fly out, F7 (Flyball, 7)
Bottom of the 5th over - 0 run(s), 1 hit(s), 0 error(s), 1 left on base; Thunder Bay 1 - Atlanta 0
TOP OF THE 6TH
Thunder Bay Northern Lions BC batting - Pitching for Atlanta Smoke : LHP Manuel Rojas
Batting: RHB Keith Fish 0-0: Ball
1-0: Ground out U3 (Groundball, 3L)
Batting: LHB Chris Gregory 0-0: Foul Ball, location: 2F
0-1: Ball
1-1: Ball
2-1: Ball
3-1: Base on Balls
Batting: LHB David Smith 0-0: Ball
1-0: Called Strike
1-1: Ball
2-1: Foul Ball, location: 2F
2-2: SINGLE (Line Drive, 4M)
Chris Gregory to second
Batting: RHB Wilfred McLaughlin 0-0: Ball
1-0: Called Strike
1-1: Foul Ball, location: 2F
1-2: DOUBLE (Line Drive, 78D)
Chris Gregory scores
David Smith to third
Batting: RHB Carlos Padilla 0-0: Ground out 6-3 (Groundball, 56)
David Smith scores
Batting: SHB Carlos Rodríguez 0-0: Ball
1-0: Ball
2-0: Foul Ball, location: 2F
2-1: Ball
3-1: Ground out 5-3 (Groundball, 56)
Top of the 6th over - 2 run(s), 2 hit(s), 0 error(s), 1 left on base; Thunder Bay 3 - Atlanta 0
BOTTOM OF THE 6TH
Atlanta Smoke batting - Pitching for Thunder Bay Northern Lions BC : RHP Rafael Cardona
Batting: RHB Travis Newsome 0-0: Ball
1-0: Swinging Strike
1-1: Swinging Strike
1-2: Fly out, F5 (Line Drive, 5)
Batting: LHB Bernardo Elías 0-0: Ground out 1-3 (Groundball, 13)
Batting: RHB Bartolo Morales 0-0: Called Strike
0-1: Swinging Strike
0-2: Ball
1-2: Strikes out looking
Bottom of the 6th over - 0 run(s), 0 hit(s), 0 error(s), 0 left on base; Thunder Bay 3 - Atlanta 0
TOP OF THE 7TH
Thunder Bay Northern Lions BC batting - Pitching for Atlanta Smoke : LHP Manuel Rojas
Batting: SHB Arnold Griffith 0-0: Foul Ball, location: 2F
0-1: Swinging Strike
0-2: Foul Ball, location: 2F
0-2: Ball
1-2: Strikes out swinging
Batting: LHB John Brewer 0-0: Foul Ball, location: 2F
0-1: Ball
1-1: Ball
2-1: Swinging Strike
2-2: Strikes out swinging
Batting: RHB Barkley B. Cooltimes 0-0: Ball
1-0: Ground out 6-3 (Groundball, 6)
Top of the 7th over - 0 run(s), 0 hit(s), 0 error(s), 0 left on base; Thunder Bay 3 - Atlanta 0
BOTTOM OF THE 7TH
Atlanta Smoke batting - Pitching for Thunder Bay Northern Lions BC : RHP Rafael Cardona
Batting: LHB Ned Durand 0-0: Called Strike
0-1: Swinging Strike
0-2: Foul Ball, location: 2F
0-2: SINGLE (Line Drive, 6)
Batting: RHB Gabriel Maldonado 0-0: Called Strike
0-1: Foul Ball, location: 2F
0-2: SINGLE (Flyball, 6MD)
Ned Durand to second
Runner from 2nd tries for 3rd, SAFE, throw made to third
Batting: RHB Gerardo Castillo 0-0: Called Strike
0-1: Ball
1-1: Ball
2-1: Foul Ball, location: 2F
2-2: Ball
3-2: Fly out, F7 (Flyball, 78D)
Runner from 3rd tags up, SCORES, throw made
Batting: RHB Layton Templeman 0-0: Called Strike
0-1: Ball
1-1: Called Strike
1-2: Ground out 5-3 (Groundball, 25)
Gabriel Maldonado to second
Batting: LHB David Hubbard 0-0: Foul Ball, location: 2F
0-1: Foul Ball, location: 2F
0-2: Strikes out swinging
Bottom of the 7th over - 1 run(s), 2 hit(s), 0 error(s), 1 left on base; Thunder Bay 3 - Atlanta 1
TOP OF THE 8TH
Thunder Bay Northern Lions BC batting - Pitching for Atlanta Smoke : LHP Manuel Rojas
Batting: RHB Keith Fish 0-0: Ball
1-0: Fly out, F5 (Line Drive, 5)
Batting: LHB Chris Gregory 0-0: Ball
1-0: Ball
2-0: Ball
3-0: Called Strike
3-1: Swinging Strike
3-2: Strikes out looking
Batting: LHB David Smith 0-0: Ball
1-0: Ground out 6-3 (Groundball, 6)
Top of the 8th over - 0 run(s), 0 hit(s), 0 error(s), 0 left on base; Thunder Bay 3 - Atlanta 1
BOTTOM OF THE 8TH
Atlanta Smoke batting - Pitching for Thunder Bay Northern Lions BC : RHP Rafael Cardona
Batting: RHB Pedro Morales 0-0: Fly out, F1 (Line Drive, 13)
Batting: RHB Travis Newsome 0-0: Ball
1-0: Ground out 1-3 (Groundball, 15S)
Batting: LHB Bernardo Elías 0-0: Ball
1-0: Called Strike
1-1: Called Strike
1-2: Strikes out swinging
Bottom of the 8th over - 0 run(s), 0 hit(s), 0 error(s), 0 left on base; Thunder Bay 3 - Atlanta 1
TOP OF THE 9TH
Thunder Bay Northern Lions BC batting - Pitching for Atlanta Smoke : LHP Manuel Rojas
Batting: RHB Wilfred McLaughlin 0-0: Called Strike
0-1: Ball
1-1: Ball
2-1: Foul Ball, location: 2F
2-2: Ball
3-2: SINGLE (Line Drive, 34D)
Pitching: RHP Bruce Hamilton
Batting: RHB Carlos Padilla 0-0: Called Strike
0-1: Ball
1-1: Ball
2-1: Ball
3-1: Foul Ball, location: 2F
3-2: SINGLE (Groundball, 34D)
Wilfred McLaughlin to second
Wilfred McLaughlin to third
Pitching: RHP Iván García
Batting: SHB Carlos Rodríguez 0-0: Foul Ball, location: 2F
0-1: Ball
1-1: Called Strike
1-2: Strikes out swinging
Batting: SHB Arnold Griffith 0-0: Called Strike
0-1: Ball
1-1: Foul Ball, location: 2F
1-2: Strikes out swinging
Batting: LHB John Brewer 0-0: Called Strike
0-1: Called Strike
0-2: Ball
1-2: Strikes out swinging
Top of the 9th over - 0 run(s), 2 hit(s), 0 error(s), 2 left on base; Thunder Bay 3 - Atlanta 1
BOTTOM OF THE 9TH
Atlanta Smoke batting - Pitching for Thunder Bay Northern Lions BC : RHP Rafael Cardona
Batting: RHB Bartolo Morales 0-0: Swinging Strike
0-1: Swinging Strike
0-2: Ball
1-2: Ball
2-2: Ground out 6-3 (Groundball, 6S)
Batting: LHB Ned Durand 0-0: Called Strike
0-1: Ball
1-1: Swinging Strike
1-2: Ball
2-2: Fly out, F7 (Flyball, 7S)
Batting: RHB Gabriel Maldonado 0-0: Ball
1-0: Ball
2-0: Called Strike
2-1: Ball
3-1: Ground out 5-3 (Groundball, 5L)
Bottom of the 9th over - 0 run(s), 0 hit(s), 0 error(s), 0 left on base; Thunder Bay 3 - Atlanta 1
Monday, March 20th, 2017 - OOTP Baseball 17.12 Build 75